 Dungeon Sprint DCSS version 0.26-a0-1101-g8f9f7f7418 (webtiles) character file.

Game seed: 13544638137675421783

9600000 Adamkad1 the Axe Maniac (level 27, -37/292 HPs)
             Began as a Palentonga Gladiator on Dec 15, 2020.
             Was the Champion of Makhleb.
             Annihilated by a bag of meat
             ... wielding a +9 war axe
              (41 damage)
             ... in the Dungeon (Sprint VIII: "Arena of Blood").
             The game lasted 00:03:50 (96 turns).

Adamkad1 the Axe Maniac (Palentonga Gladiator)        Turns: 96, Time: 00:03:51

Health: -37/292    AC: 17    Str: 21    XL:     27
Magic:  43/54      EV: 33    Int:  8    God:    Makhleb [******]
Gold:   0          SH:  0    Dex: 22    Spells: 80/80 levels left

rFire    . . .     SeeInvis +   k - +∞ Axe of Woe
rCold    . . .     Faith    .   (shield currently unavailable)
rNeg     . . .     Spirit   .   b - +0 leather armour
rPois    .         Reflect  .   c - +0 helmet
rElec    .         Harm     .   (no cloak)
rCorr    .         Rampage  .   (no gloves)
Will     ++...     NoTele   +   (no barding)
Stlth    ++++++++++             (no amulet)
HPRegen  0.58/turn              (no ring)
MPRegen  0.34/turn              (no ring)

@: slowed, curled up, very slow
A: large, rugged brown scales 3, see invisible, deformed body, roll 1, armoured
tail, reflexive curl
a: Rolling Charge, Minor Destruction, Lesser Servant of Makhleb, Major
Destruction, Greater Servant of Makhleb, Renounce Religion


You were in the Dungeon.
You worshipped Makhleb.
Makhleb was exalted by your worship.
You visited 1 branch

Inventory:

Hand Weapons
 a - a +0 war axe
 k - the +∞ Axe of Woe (weapon)
   (You found it in the Dungeon)
Missiles
 d - 3 throwing nets (quivered)
Armour
 b - a +0 leather armour (worn)
 c - a +0 helmet (worn)
Scrolls
 j - a scroll of blinking
Potions
 e - a potion of curing
 f - a potion of heal wounds
 g - a potion of haste
 h - 2 potions of magic
 i - a potion of berserk rage


   Skills:
 O Level 27 Fighting
 O Level 27 Short Blades
 O Level 27 Long Blades
 O Level 27 Axes
 O Level 27 Maces & Flails
 O Level 27 Polearms
 O Level 27 Staves
 O Level 27 Slings
 O Level 27 Bows
 O Level 27 Crossbows
 O Level 27 Throwing
 O Level 27 Armour
 O Level 27 Dodging
 O Level 27 Stealth
 O Level 27 Shields
 O Level 27 Unarmed Combat
 O Level 27 Spellcasting
 O Level 27 Conjurations
 O Level 27 Hexes
 O Level 27 Summonings
 O Level 27 Necromancy
 O Level 27 Translocations
 O Level 27 Transmutations
 O Level 27 Fire Magic
 O Level 27 Ice Magic
 O Level 27 Air Magic
 O Level 27 Earth Magic
 O Level 27 Poison Magic
 O Level 27 Invocations
 O Level 27 Evocations


You had 80 spell levels left.
You didn't know any spells.
Your spell library was empty.

Dungeon Overview and Level Annotations

Branches:
Dungeon (1/1)

Altars:
Makhleb


Innate Abilities, Weirdness & Mutations

You are completely covered in rugged brown scales. (AC +3, +7% HP)
You have supernaturally acute eyesight. (SInv)
Armour fits poorly on your strangely shaped body.
You can roll at nearby foes to attack.
You have a long armoured tail.
You curl defensively after being hit.


Message History

You kill The Defiler!
Makhleb accepts your kill.
A hydra and a lich come into view.
You hear a shout! x5
A bag of meat comes into view. It is wielding a +9 war axe.
You hear a shout! x3
The accursed points at you and mumbles some strange words.
Something smites you!
* * * LOW HITPOINT WARNING * * *
You hear a shout! x2
The meat berserker hits you with a +9 battleaxe!!!!
* * * LOW HITPOINT WARNING * * *
You hear a shout!
The eight-headed meat hydra calls on the powers of darkness!
The eight-headed meat hydra convulses!
The bag of meat convulses! x2
Your body is wracked with pain!
* * * LOW HITPOINT WARNING * * *
The meat berserker convulses!
The bag of meat convulses! x2
The bag of meat hits you with a +9 war axe!!!
You die...

...W...####.....
.o.................
..........D.L.......#....
..........................#
...........Wo.......#......#
#.......#.M.o..............#
#.......#....WO)....##.....#
###.......###.)o@))..........#
..O..###)...)..)W)...###.....#
......_.G)...).))o))........)#
..#..o.)#).).)))#.#.......).#
#_.<._#..)))DX))).....))))#
#.....#...)))#)#.#....))).#
......_......)))).†......)...#
....o###....).)))#.#)#..#))..#
###.. ....###))...)...†#)....#


You could see an accursed, a tyrant, 2 eight-headed meat hydras, a large
abomination, 2 wretched souls, 2 dreads, a meat berserker (berserk) and 5 bags
of meat.

Vanquished Creatures
  Sigmund (D)
  5 hell beasts (D)
  Edmund (D)
  8 royal mummies (D)
  5 great orbs of eyes (D)
  4 wraiths (D)
  15 vampire knights (D)
  34 ogres (D)
  7 two-headed ogres (D)
  2 liches (D)
  2 hydras (D)
  77 orcs (D)
  4 phantoms (D)
  7 skeletal warriors (D)
  6 large abominations (D)
  5 small abominations (D)
  9 crawling corpses (D)
192 creatures vanquished.

Vanquished Creatures (others)
  2 small abominations (D)
  4 crawling corpses (D)
6 creatures vanquished.

Grand Total: 198 creatures vanquished

Notes
Turn   | Place    | Note
-------+----------+-------------------------------------------
     0 | D        | Found the +∞ Axe of Woe
     0 | D        | Adamkad1 the Palentonga Gladiator began the quest for the
                  | Orb.
     0 | D        | Reached XP level 1. HP: 18/18 MP: 1/1
     1 | D        | Noticed a bag of meat
     3 | D        | Became a worshipper of Makhleb the Destroyer
     3 | D        | Noticed a bag of meat
     5 | D        | Noticed a bag of meat
     6 | D        | Noticed a bag of meat
     8 | D        | Killed a bag of meat
     8 | D        | Noticed a meat berserker
     8 | D        | Noticed a bag of meat
     9 | D        | Reached skill level 10 in Throwing
     9 | D        | Reached XP level 2. HP: 47/47 MP: 2/2
     9 | D        | Reached XP level 3. HP: 53/53 MP: 3/3
     9 | D        | Reached XP level 4. HP: 62/62 MP: 4/4
     9 | D        | Reached XP level 5. HP: 68/68 MP: 5/5
     9 | D        | Reached XP level 6. HP: 77/77 MP: 6/6
     9 | D        | Gained mutation: You curl defensively after being hit.
                  | [Palentonga growth]
     9 | D        | Reached XP level 7. HP: 84/84 MP: 7/7
     9 | D        | Reached XP level 8. HP: 92/92 MP: 8/8
     9 | D        | Reached XP level 9. HP: 99/99 MP: 9/9
     9 | D        | Reached XP level 10. HP: 108/108 MP: 10/10
     9 | D        | Reached XP level 11. HP: 114/114 MP: 11/11
     9 | D        | Killed a bag of meat
     9 | D        | Reached * piety under Makhleb
     9 | D        | Noticed a bag of meat
     9 | D        | Noticed a meat berserker
    10 | D        | Reached skill level 15 in Fighting
    10 | D        | Reached XP level 12. HP: 124/129 MP: 12/12
    10 | D        | Killed a bag of meat
    10 | D        | Killed a bag of meat
    10 | D        | Noticed a bag of meat
    11 | D        | Reached skill level 15 in Dodging
    11 | D        | Reached XP level 13. HP: 142/142 MP: 13/13
    11 | D        | Reached XP level 14. HP: 149/149 MP: 14/14
    11 | D        | Noticed a meat berserker
    11 | D        | Killed a meat berserker
    11 | D        | Reached ** piety under Makhleb
    11 | D        | Noticed a meat berserker
    12 | D        | Reached skill level 15 in Throwing
    12 | D        | Reached XP level 15. HP: 162/162 MP: 15/15
    12 | D        | Killed a meat berserker
    13 | D        | Reached skill level 27 in Axes
    13 | D        | Noticed a meat berserker
    13 | D        | Noticed a meat berserker
    13 | D        | Noticed a destroyer
    13 | D        | Noticed a meat berserker
    13 | D        | Noticed a meat berserker
    14 | D        | Reached XP level 16. HP: 180/180 MP: 16/16
    14 | D        | Noticed a meat berserker
    14 | D        | Reached *** piety under Makhleb
    14 | D        | Killed a destroyer
    15 | D        | Reached XP level 17. HP: 201/201 MP: 17/17
    15 | D        | Noticed a meat berserker
    15 | D        | Noticed a meat berserker
    15 | D        | Killed a meat berserker
    15 | D        | Noticed a meat berserker
    16 | D        | Reached skill level 27 in Fighting
    16 | D        | Noticed a meat berserker
    16 | D        | Reached **** piety under Makhleb
    16 | D        | Noticed a large bag of meat
    17 | D        | Reached XP level 18. HP: 214/214 MP: 18/18
    17 | D        | Noticed a meat berserker
    18 | D        | Noticed a meat berserker
    18 | D        | Killed a meat berserker
    18 | D        | Reached ***** piety under Makhleb
    18 | D        | Killed a meat berserker
    18 | D        | Noticed a destroyer
    18 | D        | Noticed a meat berserker
    19 | D        | Reached skill level 27 in Throwing
    19 | D        | Reached skill level 27 in Dodging
    19 | D        | Reached skill level 5 in Short Blades
    19 | D        | Reached skill level 5 in Long Blades
    19 | D        | Reached skill level 5 in Maces & Flails
    19 | D        | Reached skill level 5 in Staves
    19 | D        | Reached skill level 5 in Unarmed Combat
    19 | D        | Reached skill level 5 in Hexes
    19 | D        | Reached skill level 5 in Necromancy
    19 | D        | Reached skill level 5 in Translocations
    19 | D        | Reached skill level 5 in Transmutations
    19 | D        | Reached skill level 5 in Invocations
    19 | D        | Reached XP level 19. HP: 186/221 MP: 18/25
    19 | D        | Killed a meat berserker
    19 | D        | Killed a meat berserker
    20 | D        | Reached XP level 20. HP: 231/231 MP: 18/31
    20 | D        | Killed a meat berserker
    20 | D        | Killed a meat berserker
    20 | D        | Reached ****** piety under Makhleb
    21 | D        | Reached skill level 10 in Short Blades
    21 | D        | Reached skill level 10 in Long Blades
    21 | D        | Reached skill level 10 in Maces & Flails
    21 | D        | Reached skill level 10 in Staves
    21 | D        | Reached skill level 10 in Unarmed Combat
    21 | D        | Reached skill level 10 in Hexes
    21 | D        | Reached skill level 10 in Necromancy
    21 | D        | Reached skill level 10 in Translocations
    21 | D        | Reached skill level 10 in Transmutations
    21 | D        | Reached XP level 21. HP: 239/239 MP: 18/34
    22 | D        | Reached skill level 10 in Bows
    22 | D        | Reached skill level 10 in Crossbows
    22 | D        | Reached skill level 10 in Armour
    22 | D        | Reached skill level 10 in Shields
    22 | D        | Reached skill level 10 in Summonings
    22 | D        | Reached skill level 10 in Fire Magic
    22 | D        | Reached skill level 10 in Ice Magic
    22 | D        | Reached skill level 10 in Air Magic
    22 | D        | Reached skill level 10 in Poison Magic
    22 | D        | Noticed a large bag of meat
    23 | D        | Reached skill level 10 in Slings
    23 | D        | Reached skill level 10 in Stealth
    23 | D        | Reached XP level 22. HP: 249/249 MP: 18/38
    24 | D        | Reached skill level 15 in Invocations
    24 | D        | Reached XP level 23. HP: 256/256 MP: 18/40
    24 | D        | Killed a large bag of meat
    25 | D        | Noticed a destroyer
    26 | D        | Reached skill level 15 in Short Blades
    26 | D        | Reached skill level 15 in Long Blades
    26 | D        | Reached skill level 15 in Maces & Flails
    26 | D        | Reached skill level 15 in Staves
    26 | D        | Reached skill level 15 in Unarmed Combat
    26 | D        | Reached skill level 15 in Hexes
    26 | D        | Reached skill level 15 in Necromancy
    26 | D        | Reached skill level 15 in Translocations
    26 | D        | Reached skill level 15 in Transmutations
    26 | D        | Noticed a large bag of meat
    26 | D        | Noticed a destroyer
    27 | D        | Reached skill level 15 in Polearms
    27 | D        | Reached skill level 15 in Spellcasting
    27 | D        | Reached skill level 15 in Conjurations
    27 | D        | Reached skill level 15 in Earth Magic
    27 | D        | Reached skill level 15 in Evocations
    27 | D        | Reached XP level 24. HP: 257/266 MP: 19/42
    29 | D        | Reached skill level 15 in Shields
    29 | D        | Reached skill level 15 in Air Magic
    29 | D        | Noticed a large bag of meat
    30 | D        | Reached skill level 15 in Bows
    30 | D        | Reached skill level 15 in Crossbows
    30 | D        | Reached skill level 15 in Armour
    30 | D        | Reached skill level 15 in Summonings
    30 | D        | Reached skill level 15 in Fire Magic
    30 | D        | Reached skill level 15 in Ice Magic
    30 | D        | Reached skill level 15 in Poison Magic
    30 | D        | Reached XP level 25. HP: 274/274 MP: 20/44
    31 | D        | Reached skill level 15 in Slings
    31 | D        | Reached skill level 15 in Stealth
    32 | D        | Reached XP level 26. HP: 284/284 MP: 20/44
    33 | D        | Killed a destroyer
    35 | D        | Reached XP level 27. HP: 292/292 MP: 21/46
    35 | D        | Killed a destroyer
    35 | D        | Killed a large bag of meat
    35 | D        | Killed a large bag of meat
    35 | D        | Noticed a destroyer
    35 | D        | Noticed a destroyer
    36 | D        | Noticed a destroyer
    37 | D        | Noticed a large bag of meat
    37 | D        | Killed a destroyer
    37 | D        | Killed a destroyer
    38 | D        | Killed a large bag of meat
    38 | D        | Killed a destroyer
    39 | D        | Noticed a destroyer
    41 | D        | Noticed a destroyer
    42 | D        | Killed a destroyer
    44 | D        | Killed a destroyer
    45 | D        | Reached skill level 27 in Invocations
    45 | D        | Noticed a large bag of meat
    45 | D        | Noticed an accursed
    46 | D        | Noticed a destroyer
    46 | D        | Noticed a destroyer
    46 | D        | Noticed a destroyer
    46 | D        | Noticed a large bag of meat
    47 | D        | Killed a destroyer
    47 | D        | Killed a large bag of meat
    48 | D        | Killed a large bag of meat
    49 | D        | Killed a destroyer
    50 | D        | Noticed an accursed
    50 | D        | Killed an accursed
    51 | D        | Reached skill level 27 in Short Blades
    51 | D        | Reached skill level 27 in Long Blades
    51 | D        | Reached skill level 27 in Maces & Flails
    51 | D        | Reached skill level 27 in Staves
    51 | D        | Reached skill level 27 in Unarmed Combat
    51 | D        | Reached skill level 27 in Hexes
    51 | D        | Reached skill level 27 in Necromancy
    51 | D        | Reached skill level 27 in Translocations
    51 | D        | Reached skill level 27 in Transmutations
    51 | D        | Killed a destroyer
    54 | D        | Killed a destroyer
    55 | D        | Noticed an accursed
    56 | D        | Noticed an accursed
    57 | D        | Reached skill level 27 in Spellcasting
    58 | D        | Reached skill level 27 in Polearms
    58 | D        | Reached skill level 27 in Conjurations
    58 | D        | Reached skill level 27 in Earth Magic
    58 | D        | Reached skill level 27 in Evocations
    62 | D        | Reached skill level 27 in Bows
    62 | D        | Reached skill level 27 in Crossbows
    62 | D        | Reached skill level 27 in Armour
    62 | D        | Reached skill level 27 in Shields
    62 | D        | Reached skill level 27 in Summonings
    62 | D        | Reached skill level 27 in Fire Magic
    62 | D        | Reached skill level 27 in Ice Magic
    62 | D        | Reached skill level 27 in Air Magic
    62 | D        | Reached skill level 27 in Poison Magic
    62 | D        | Noticed a meat beast
    63 | D        | Reached skill level 27 in Slings
    63 | D        | Reached skill level 27 in Stealth
    66 | D        | Killed a meat beast
    67 | D        | Killed an accursed
    68 | D        | Noticed a dread
    68 | D        | Noticed a destroyer
    69 | D        | Killed a dread
    70 | D        | Noticed a dread
    71 | D        | Killed a large bag of meat
    71 | D        | Killed a destroyer
    72 | D        | Killed an accursed
    72 | D        | Noticed a dread
    72 | D        | Noticed an accursed
    73 | D        | Killed a dread
    74 | D        | Killed an accursed
    74 | D        | Noticed an accursed
    75 | D        | Killed an accursed
    78 | D        | Noticed a meat beast
    79 | D        | Killed a dread
    79 | D        | Noticed a meat beast
    80 | D        | Killed an accursed
    80 | D        | Noticed a meat beast
    82 | D        | Killed a meat beast
    83 | D        | Noticed a dread
    84 | D        | Noticed an accursed
    84 | D        | Killed a meat beast
    85 | D        | Noticed a destroyer
    85 | D        | Noticed a tyrant
    86 | D        | Noticed a dread
    86 | D        | Noticed an accursed
    86 | D        | Noticed a meat beast
    87 | D        | Noticed a tyrant
    87 | D        | Noticed The Captor
    88 | D        | Killed a dread
    88 | D        | Killed a destroyer
    89 | D        | Noticed a destroyer
    89 | D        | Noticed an accursed
    89 | D        | HP: 14/292 [dread/damnation (34)]
    90 | D        | Killed an accursed
    90 | D        | Killed an accursed
    90 | D        | Noticed The Defiler
    91 | D        | Killed a tyrant
    91 | D        | Killed a destroyer
    91 | D        | Killed a meat beast
    93 | D        | Noticed a dread
    94 | D        | HP: 7/292 [small abomination[a sculptor of flesh] (9)]
    94 | D        | HP: 3/292 [meat beast (4)]
    95 | D        | Killed The Captor
    95 | D        | Killed a meat beast
    95 | D        | Killed a tyrant
    96 | D        | Killed The Defiler
    96 | D        | Noticed a tyrant
    96 | D        | Annihilated by a bag of meat

Illustrated notes

Levels and vault maps discovered:
D:        meatsprint

Skill      XL: |  1  2  3  4  5  6  7  8  9 10 11 12 13 14 15 16 17 18 19 20 21 22 23 24 25 26 27 |
---------------+----------------------------------------------------------------------------------+-----
Fighting       | 13 15 17 19 22 25 27 | 27.0
Axes           | 17 20 23 25 27 | 27.0
Throwing       | 10 12 14 15 17 20 23 27 | 27.0
Dodging        | 11 13 15 16 19 22 25 27 | 27.0
Short Blades   | 5 8 10 12 14 16 18 19 20 27 | 27.0
Long Blades    | 5 8 10 13 14 16 18 19 20 27 | 27.0
Maces & Flails | 5 8 10 12 14 16 18 19 20 27 | 27.0
Polearms       | 4 7 9 12 13 15 16 17 19 27 | 27.0
Staves         | 5 8 10 12 14 16 18 19 20 27 | 27.0
Slings         | 3 6 8 10 11 13 14 15 16 27 | 27.0
Bows           | 4 7 8 11 12 14 15 16 17 27 | 27.0
Crossbows      | 4 6 8 11 12 14 15 16 17 27 | 27.0
Armour         | 4 7 8 11 12 14 15 16 17 27 | 27.0
Stealth        | 3 6 8 10 11 13 14 15 16 27 | 27.0
Shields        | 4 7 8 11 12 14 15 16 18 27 | 27.0
Unarmed Combat | 5 8 10 13 14 16 18 19 20 27 | 27.0
Spellcasting   | 4 7 9 12 13 15 17 19 27 | 27.0
Conjurations   | 4 7 9 12 13 15 16 17 19 27 | 27.0
Hexes          | 5 8 10 12 14 16 18 19 20 27 | 27.0
Summonings     | 4 7 8 11 12 14 15 16 17 27 | 27.0
Necromancy     | 5 8 10 13 14 16 18 19 20 27 | 27.0
Translocations | 5 8 10 12 14 16 18 19 20 27 | 27.0
Transmutations | 5 8 10 12 14 16 18 19 20 27 | 27.0
Fire Magic     | 4 7 8 11 12 14 15 16 17 27 | 27.0
Ice Magic      | 4 7 8 10 12 14 15 16 17 27 | 27.0
Air Magic      | 4 7 8 11 12 14 15 16 18 27 | 27.0
Earth Magic    | 4 7 9 12 13 15 17 19 27 | 27.0
Poison Magic   | 4 7 8 11 12 14 15 16 17 27 | 27.0
Invocations    | 5 9 11 13 15 17 19 20 22 27 | 27.0
Evocations     | 4 7 9 11 13 15 16 17 19 27 | 27.0

Action                   |  1- 3 |  4- 6 |  7- 9 | 10-12 | 13-15 | 16-18 | 19-21 | 22-24 | 25-27 || total
-------------------------+-------+-------+-------+-------+-------+-------+-------+-------+-------++-------
Melee: Executioner's axe |     1 |       |       |     2 |     3 |     5 |     4 |     7 |    61 ||    83
 Abil: Rolling Charge    |       |       |       |       |     2 |     5 |       |     1 |    28 ||    36
Armor: Leather armour    |       |       |       |       |       |       |       |       |     8 ||     8
Dodge: Dodged            |       |       |       |       |       |     2 |       |       |    17 ||    19

Table legend: (Time is in decaauts)
 A = Elapsed time spent in this place.
 B = Non-inter-level travel time spent in this place.
 C = Inter-level travel time spent in this place.
 D = Time resting spent in this place.
 E = Time spent auto-exploring this place.
 F = Levels seen in this place.
 G = Mean time per level.
                   A        B        C        D        E       F      G
               +--------+--------+--------+--------+--------+-----+--------+
         Total |     95 |     95 |      0 |      0 |      0 |   1 |   95.0 |
       Dungeon |     95 |     95 |      0 |      0 |      0 |   1 |   95.0 |
               +--------+--------+--------+--------+--------+-----+--------+

Top non-repeatable levels by time:
       D: 95 daAuts
